 Dungeon Crawl Stone Soup version 0.30-a0-509-gd016549fea (webtiles) character file.

Game seed: 18007604363626229192

1628 demibob the Grappler (level 8, -8/74 HPs)
             Began as a Troll Chaos Knight on Dec 23, 2022.
             Was a Plaything of Xom.
             Shot with an arrow by a centaur (12 damage)
             ... on level 8 of the Dungeon.
             The game lasted 00:10:48 (3625 turns).

demibob the Grappler (Troll Chaos Knight)           Turns: 3625, Time: 00:10:49

Health: -8/74      AC:  6    Str: 21    XL:     8   Next: 65%
Magic:  7/7        EV: 10    Int:  8    God:    Xom [......]
Gold:   271        SH:  0    Dex: 11    Spells: 7/7 levels left

rFire   + . .      SeeInvis +      - Unarmed
rCold   + . .      Faith    .    (no shield)
rNeg    . . .      Spirit   .    a - +2 robe
rPois   +          Reflect  .    (helmet restricted)
rElec   +          Harm     .    (no cloak)
rCorr   +          Rampage  .    (gloves unavailable)
Will    .....      Clarity  +    (boots unavailable)
Stlth   +.........               (no amulet)
HPRegen 1.12/turn                (no ring)
MPRegen 0.10/turn                (no ring)

@: resistant, spiked, unable to read
A: large, unfitting armour, claws 3, regeneration 1, shaggy fur 1, tough skin 1,
see invisible, clarity, inability to read after injury 1
a: Renounce Religion


You were on level 8 of the Dungeon.
You worshipped Xom.
You were a very special plaything of Xom.
You visited 1 branch of the dungeon, and saw 7 of its levels.

You collected 271 gold pieces.


Innate Abilities, Weirdness & Mutations

You are too large for most types of armour.
You have claws for hands.
Your natural rate of healing is unusually fast.
You are covered in fur. (AC +1)
You have tough skin. (AC +1)
You have supernaturally acute eyesight. (SInv)
You possess an exceptional clarity of mind.
You occasionally lose the ability to read scrolls when taking damage.


   Skills:
 - Level 2.4 Fighting
 - Level 1.9 Dodging
 + Level 11.4 Unarmed Combat


You had 7 spell levels left.
You didn't know any spells.
Your spell library contained the following spells:

 Spells                   Type           Power      Damage    Failure   Level
 Sandblast                Erth           0%         2d4       41%         1
 Blink                    Tloc           0%         N/A       54%         2
 Passwall                 Tmut/Erth      0%         N/A       54%         2
 Sublimation of Blood     Necr           0%         N/A       54%         2
 Wereblood                Tmut           0%         N/A       54%         2
 Ignite Poison            Fire/Tmut/Pois 0%         N/A       78%         3
 Kindle Blastsparks       Fire/Tloc/Air  0%         2d10      78%         3
 Ozocubu's Armour         Ice            0%         N/A       78%         3
 Portal Projectile        Hex/Tloc       0%         N/A       78%         3
 Stone Arrow              Conj/Erth      0%         3d7       78%         3
 Tukima's Dance           Hex            0%         N/A       78%         3
 Manifold Assault         Tloc           0%         N/A       99%         4
 Blade Hands              Tmut           0%         N/A       100%        5
 Freezing Cloud           Conj/Ice/Air   0%         6-21      100%        5
 Ozocubu's Refrigeration  Ice            0%         4d7       100%        7
 Storm Form               Tmut/Air       0%         N/A       100%        7
 Summon Hydra             Summ           0%         N/A       100%        7

Inventory:

Missiles
 e - 20 poisoned darts
Armour
 a - a +2 robe (worn)
 p - a scarf of resistance
Jewellery
 i - an amulet of regeneration
Wands
 l - a wand of paralysis (18)
 o - a wand of flame (9)
Scrolls
 d - a scroll of teleportation {@r2}
 g - 2 scrolls of poison
 h - 2 scrolls of identify {@r1}
 j - a scroll of fog
 q - a scroll of magic mapping
Potions
 c - a potion of brilliance
Miscellaneous
 b - a piece from Xom's chessboard (15/15) (quivered)

Dungeon Overview and Level Annotations

Branches:
Dungeon (8/15)             Temple (0/1) D:4
   Lair: D:8-11

Altars:
Ashenzari
Qazlal

Shops:
D:4

: #..4ยง................
.###....................
...#...4##..............
......5.5##.............
.......5c......#......>.
.#.............#........
##......###.............
........######....####..
.......@..# #.##. #.
..........# ...<.......#
.....!.......
.......###..... .....##
#...# ....# ##.. .##. .#


You could see a hellwing (summoned), a centaur, 2 white imps and an ufetubus
(summoned).


Message History

* * * LOW HITPOINT WARNING * * *
The white imp gestures at you. The puff of frost hits you. You resist.
* * * LOW HITPOINT WARNING * * *
The red devil hits you with a +0 trident!
You feel threatened and lose the ability to read scrolls!
* * * LOW HITPOINT WARNING * * *
Barbed spikes become lodged in your body.
The ufetubus barely misses you.
The ufetubus hits you but does no damage.
You cannot read scrolls in your current state!
Okay, then.
You closely miss the hellwing.
Your surroundings suddenly seem different.
Found a potion of curing.
Found a stone staircase leading up.
The white imp shouts, "Get thee gone, thou fobbing pigeon-egg gudgeon!"
You can read scrolls again.
Xom chortles.
The centaur's +0 shortbow erupts in a glittering mayhem of colour.
The centaur wields a +2 shortbow of chaos.
It is briefly surrounded by a scintillating aura of random colours.
The centaur shoots an arrow.
The arrow hits you.
* * * LOW HITPOINT WARNING * * *
The arrow freezes you.
* * * LOW HITPOINT WARNING * * *
The white imp grins evilly.
The centaur shoots an arrow.
The arrow hits you!
You feel threatened and lose the ability to read scrolls!
You die...
Xom titters!

Skill      XL: |  1  2  3  4  5  6  7  8 |
---------------+-------------------------+-----
Unarmed Combat | 4 5 6 8 9 11 | 11.4
Fighting       | |  2.4
Dodging        | |  1.9

Action                   |  1- 3 |  4- 6 |  7- 9 || total
-------------------------+-------+-------+-------++-------
Melee: Unarmed           |   113 |   177 |   108 ||   398
       Punch             |     3 |     3 |     6 ||    12
Evoke: Wand              |       |     1 |     1 ||     2
  Use: Potion            |     1 |     5 |     6 ||    12
       Scroll            |       |     6 |     5 ||    11
 Stab: Sleeping          |       |     1 |       ||     1
       Paralysed         |       |     2 |       ||     2
       Petrified         |       |     1 |       ||     1
Armor: Robe              |    47 |    98 |    34 ||   179
       Skin              |       |    50 |       ||    50
Dodge: Dodged            |    67 |    99 |    56 ||   222
Block: Other             |       |    21 |    15 ||    36

Levels and vault maps discovered:
D:1:      pf_arrival_petrified_forest, layout_rooms
D:2:      layout_loops_ring, hellmonk_ecumenical_altar_lost_god
D:3:      layout_loops_ring, mainiacjoe_overflow_surrounded_room,
          nicolae_qazlal_style_of_elements, palyth_stone_intersect, uniq_jessica
D:4:      kennysheep_goblin_castle, layout_loops_corners, temple_doors_e,
          serial_shops, nicolae_shop_hallway_plus
D:5:      layout_cave_pools, minivault_27
D:6:      layout_basic
D:8:      layout_cave_pools, nicolae_transporter_circle

Notes
Turn   | Place    | Note
-------+----------+-------------------------------------------
     0 | D:1      | demibob the Troll Chaos Knight began the quest for the Orb.
     0 | D:1      | Reached XP level 1. HP: 22/22 MP: 0/0
     0 | D:1      | XOM: divination: detect creatures
    21 | D:1      | XOM: divination: magic mapping
   119 | D:1      | Reached XP level 2. HP: 29/29 MP: 1/1
   205 | D:1      | Reached skill level 4 in Unarmed Combat
   268 | D:1      | XOM: silly message
   318 | D:1      | Reached XP level 3. HP: 36/36 MP: 2/2
   486 | D:2      | XOM: silly message
   490 | D:2      | XOM: smoke on damage
   548 | D:2      | XOM: swap monsters
   637 | D:2      | XOM: swap monsters
   644 | D:2      | Reached skill level 5 in Unarmed Combat
   644 | D:2      | Reached XP level 4. HP: 43/44 MP: 3/3
   889 | D:2      | Found a faded altar of an unknown god.
  1012 | D:3      | Found a broken altar of Ashenzari.
  1148 | D:3      | Noticed Jessica
  1157 | D:3      | Killed Jessica
  1158 | D:3      | Reached XP level 5. HP: 49/50 MP: 4/4
  1179 | D:3      | Noticed a fire elemental
  1181 | D:3      | Found a stormy altar of Qazlal.
  1183 | D:3      | Noticed an air elemental
  1195 | D:3      | Noticed a water elemental
  1207 | D:3      | Reached skill level 6 in Unarmed Combat
  1236 | D:3      | Identified a scarf of resistance
  1498 | D:3      | XOM: give mutations
  1498 | D:3      | Gained mutation: You are frail. (-10% HP) [Xom's mischief]
  1498 | D:3      | Gained mutation: You are weak. (Str -2) [Xom's mischief]
  1498 | D:3      | Gained mutation: You are partially covered in large bone
                  | plates. (SH +4) [Xom's mischief]
  1515 | D:4      | Found Lenaymma's Book Emporium.
  1765 | D:4      | Found a staircase to the Ecumenical Temple.
  1959 | D:4      | XOM: silly message
  2066 | D:4      | Reached XP level 6. HP: 53/53 MP: 5/5
  2080 | D:4      | XOM: summons 4 hostile demons
  2160 | D:4      | Noticed Ijyb
  2176 | D:4      | Paralysed by Ijyb for 5 turns
  2177 | D:4      | Killed Ijyb
  2178 | D:4      | Reached skill level 7 in Unarmed Combat
  2185 | D:4      | XOM: draining
  2453 | D:4      | XOM: enchant monster (good)
  2457 | D:4      | Reached skill level 8 in Unarmed Combat
  2457 | D:4      | Reached XP level 7. HP: 57/59 MP: 6/6
  2665 | D:5      | Entered Level 5 of the Dungeon
  2666 | D:5      | XOM: polymorph scorpion -> swamp drake
  2785 | D:5      | Reached skill level 9 in Unarmed Combat
  3205 | D:6      | XOM: noise
  3221 | D:6      | Reached XP level 8. HP: 54/66 MP: 7/7
  3224 | D:6      | Reached skill level 10 in Unarmed Combat
  3228 | D:6      | XOM: god gift: demon blade {god gift}
  3285 | D:6      | XOM: blink monster(s)
  3339 | D:6      | XOM: enchant monster (good)
  3341 | D:6      | XOM: cast spell 'Olgreb's Toxic Radiance'
  3395 | D:6      | Reached skill level 11 in Unarmed Combat
  3440 | D:6      | XOM: confusion
  3448 | D:6      | XOM: 3-stop teleportation journey
  3556 | D:6      | You fall into a shaft and drop 2 floors!
  3576 | D:8      | Lost mutation: You are partially covered in large bone
                  | plates. (SH +4) [potion of mutation]
  3576 | D:8      | Lost mutation: You are weak. (Str -2) [potion of mutation]
  3576 | D:8      | Lost mutation: You are frail. (-10% HP) [potion of
                  | mutation]
  3576 | D:8      | Gained mutation: You possess an exceptional clarity of
                  | mind. [potion of mutation]
  3576 | D:8      | Gained mutation: You have supernaturally acute eyesight.
                  | (SInv) [potion of mutation]
  3576 | D:8      | Gained mutation: You occasionally lose the ability to read
                  | scrolls when taking damage. [potion of mutation]
  3577 | D:8      | Identified 2 potions of resistance
  3619 | D:8      | XOM: summons 5 hostile demons
  3620 | D:8      | Noticed a red devil
  3620 | D:8      | Noticed a hellwing
  3624 | D:8      | XOM: chaos upgrade
  3624 | D:8      | HP: 4/74 [centaur/arrow (6)]
  3625 | D:8      | Shot with an arrow by a centaur

Vanquished Creatures
  A vampire (D:8)
  A water moccasin (D:5)
  A swamp drake (D:5)
  2 ogres
  2 centaurs (D:6)
  4 scorpions
  3 wights (D:6)
  A hound (D:3)
  A jelly (D:6)
  4 iguanas
  Jessica (D:3)
  4 orc wizards
  4 gnolls
  7 adders
  A white imp (D:8)
  An ufetubus (D:6)
  A worm (D:2)
  A dart slug (D:5)
  17 orcs
  4 endoplasms
  6 giant cockroaches
  12 goblins
  6 hobgoblins
  2 jackals (D:4)
  9 kobolds
  A quokka (D:5)
  5 ball pythons
  8 bats
  2 frilled lizards
  7 rats
119 creatures vanquished.

Vanquished Creatures (collateral kills)
  Ijyb (D:4)
  2 goblins (D:4)
  A jackal (D:4)
4 creatures vanquished.

Grand Total: 123 creatures vanquished

Table legend: (Time is in decaauts)
 A = Elapsed time spent in this place.
 B = Non-inter-level travel time spent in this place.
 C = Inter-level travel time spent in this place.
 D = Time resting spent in this place.
 E = Time spent auto-exploring this place.
 F = Levels seen in this place.
 G = Mean time per level.
                   A        B        C        D        E       F      G
               +--------+--------+--------+--------+--------+-----+--------+
         Total |   3574 |   3466 |    108 |    108 |   2543 |   7 |  510.6 |
       Dungeon |   3574 |   3466 |    108 |    108 |   2543 |   7 |  510.6 |
               +--------+--------+--------+--------+--------+-----+--------+

Top non-repeatable levels by time:
     D:4: 1144 daAuts
     D:2: 555 daAuts
     D:5: 534 daAuts
     D:3: 531 daAuts
     D:1: 403 daAuts
     D:6: 340 daAuts
     D:8: 64 daAuts

Table legend:
 A = Non-vault XP
 B = Vault XP
 C = Vault XP percentage of total XP
 D = Non-vault monster count
 E = Vault monster count
 F = Vault count percentage of total count
                 A         B        C        D         E       F
            +---------+---------+-------+---------+---------+-------
      Total |    2191 |     135 |   5.8 |     110 |      13 |  10.6
            +---------+---------+-------+---------+---------+-------
        D:1 |      47 |       0 |   0.0 |      22 |       0 |   0.0
        D:2 |      96 |       0 |   0.0 |      24 |       0 |   0.0
        D:3 |     137 |      37 |  21.3 |      21 |       1 |   4.5
        D:4 |     343 |      98 |  22.2 |      13 |      12 |  48.0
        D:5 |     594 |       0 |   0.0 |      11 |       0 |   0.0
        D:6 |     739 |       0 |   0.0 |      17 |       0 |   0.0
        D:8 |     235 |       0 |   0.0 |       2 |       0 |   0.0
            +---------+---------+-------+---------+---------+-------
